AoeStats
← Hatchtag

Runestones

507632804Analyzed
1v1 RM · 14d ago on Sep 19, 2026· 67m 14s· 2 players
Game mode
Random Map
Map size
Tiny (2 player)
Population
200
Speed
Normal
Resources
Standard
Victory
Conquest
Starting age
Dark Age
Ending age
Imperial Age
RankedLock teamsTeams togetherTeam positionsShared explorationLock speedFull tech treeHidden civsTurbo modeCheats
Victory
Defeat
🇨🇴 Italians · Colombia
1020
+15
🇺🇸 Vikings · United States
994
-15
Hatchtag
2:32 Loom
8:55 Loom
10:44 Feudal Age
13:04 Man-at-Arms
14:02 Horse Collar
14:09 Double-Bit Axe
16:33 Fletching
18:45 Padded Archer Armor
25:08 Castle Age
23:42 Arson
24:13 Forging
24:35 Gold Mining
26:01 Elite Skirmisher
26:04 Long Swordsman
26:39 Gambesons
26:46 Pikeman
29:05 Stone Mining
36:18 Bow Saw
38:07 Iron Casting
42:54 Heavy Plow
43:36 Town Watch
44:28 Bodkin Arrow
44:36 Scale Mail Armor
45:54 Iron Casting
47:36 Ballistics
47:29 Masonry
48:39 Chieftains
50:59 Squires
51:19 Leather Archer Armor
51:20 Chain Mail Armor
51:23 Leather Archer Armor
56:39 Imperial Age
57:44 Gold Shaft Mining
58:07 Ring Archer Armor
58:19 Plate Mail Armor
58:44 Conscription
58:00 Two-Handed Swordsman
58:48 Elite Berserk
61:47 Two-Man Saw
Kael
5:10 Loom
10:12 Feudal Age
12:15 Town Watch
13:50 Fletching
16:52 Padded Archer Armor
16:56 Double-Bit Axe
24:31 Castle Age
22:40 Scale Barding Armor
22:47 Forging
24:36 Wheelbarrow
24:02 Horse Collar
25:14 Bodkin Arrow
25:40 Chain Barding Armor
27:08 Crossbowman
27:54 Thumb Ring
33:43 Heavy Plow
37:31 Gold Mining
37:32 Stone Mining
45:55 Imperial Age
44:01 Wheelbarrow
47:46 Conscription
46:54 Arbalester
47:44 Bracer
48:00 Leather Archer Armor
48:20 Plate Barding Armor
48:21 Iron Casting
49:53 Husbandry
50:04 Bloodlines
49:15 Light Cavalry
51:42 Cavalier
52:53 Ballistics
53:37 Chemistry
53:20 Bow Saw
55:38 Plate Barding Armor
55:19 Leather Archer Armor
57:49 Crop Rotation
62:14 Ring Archer Armor
62:20 Iron Casting
Connection lost

Rejoining the realm…

Still unreachable

The connection could not be restored.

Session expired

The server has moved on; the page needs a fresh start.